Map: Ascension to Aiur LE

Players

CerealGuy - Winner!

  • Race: Protoss Protoss
  • Spawn Location: 11:00

Winthrowe

  • Race: Zerg Zerg
  • League: Silver
  • Spawn Location: 5:00

VOD

Have the link to the VOD?

Description

Time

  • Played on: Aug. 18, 2017, 6:16 p.m.
  • Length: 7:53
Show
View Real Time Build Order
Export as new Build Order

CerealGuy Protoss - Winner!

Build Orders: 1 Gate Expand 

Get SALT Encoding   

  12  0:01  Probe (Chrono Boost)  
  13  0:12  Probe (Chrono Boost)  
  14  0:18  Pylon  
  14  0:22  Probe (Chrono Boost)  
  15  0:36  Probe (Chrono Boost)  
  15  0:38  Gateway  
  16  0:46  Probe (Chrono Boost)  
  18  0:57  Probe (Chrono Boost)  
  18  0:59  Assimilator  
  18  1:08  Probe (Chrono Boost)  
  19  1:19  Probe (Chrono Boost)  
  20  1:28  Cybernetics Core  
  20  1:29  Probe (Chrono Boost)  
  22  1:40  Probe (Chrono Boost)  
  22  1:44  Nexus  
  22  1:47  Pylon  
  22  1:51  Probe (Chrono Boost)  
  23  2:01  Assimilator  
  23  2:06  Mothership Core (Chrono Boost)  
  25  2:22  Gateway  
  25  2:24  Probe (Chrono Boost)  
  26  2:30  Warp Gate (Chrono Boost)  
  26  2:32  Adept  
  26  2:35  Probe  
  29  2:39  Gateway  
  29  2:47  Probe  
  30  2:55  Probe  
  31  2:59  Probe  
  32  3:06  Sentry, Probe  
  32  3:11  Probe  
  32  3:12  Adept  
  38  3:16  Probe  
  39  3:23  Probe  
  39  3:24  Robotics Facility  
  40  3:27  Probe  
  40  3:29  Adept  
  43  3:35  Probe  
  43  3:38  Probe  
  45  3:42  Gateway  
  45  3:44  Pylon  
  45  3:48  Probe  
  46  3:56  Assimilator  
  46  4:01  Probe  
  46  4:02  Probe  
  48  4:05  Pylon  
  48  4:10  Assimilator, Pylon  
  48  4:13  Observer  
  48  4:14  Probe (Chrono Boost)  
  50  4:17  Probe (Chrono Boost)  
  50  4:21  Sentry  
  53  4:24  Zealot  
  53  4:25  Probe (Chrono Boost)  
  53  4:28  Probe (Chrono Boost)  
  53  4:30  Forge  
  57  4:36  Probe (Chrono Boost)  
  57  4:38  Pylon, Probe (Chrono Boost)  
  59  4:43  Immortal (Chrono Boost)  
  63  4:45  Probe (Chrono Boost)  
  63  4:49  Probe  
  65  4:55  Pylon  
  65  4:57  Probe  
  66  5:01  Gateway  
  66  5:02  Gateway  
  66  5:03  Protoss Ground Armor Level 1 (Chrono Boost)  
  66  5:23  Immortal  
  66  5:27  Probe  
  71  5:39  Stalker  
  71  5:42  Stalker  
  75  5:43  Nexus  
  75  5:45  Pylon  
  75  5:47  Pylon  
  75  6:05  Stalker x2, Pylon  
  75  6:06  Stalker x2  
  75  6:07  Warp Prism  
  75  6:10  Photon Cannon  
  85  6:20  Photon Cannon  
  85  6:23  Gateway  
  85  6:26  Probe x2  
  87  6:34  Gateway  
  87  6:37  Sentry  
  87  6:38  Zealot x3  
  95  6:49  Zealot  
  97  7:10  Pylon  
  97  7:22  Stalker  
  97  7:23  Stalker x5  
  97  7:25  Probe  
  110  7:32  Assimilator  
  110  7:36  Assimilator, Probe  
  111  7:48  Stalker x3  
Show
View Real Time Build Order
Export as new Build Order

Winthrowe Zerg 

Build Orders: Pool First 

Get SALT Encoding   

  12  0:03  Drone  
  13  0:17  Drone  
  13  0:18  Overlord  
  14  0:25  Extractor  
  14  0:28  Drone  
  14  0:37  Drone  
  14  0:40  Drone  
  16  0:52  Drone  
  17  1:00  Spawning Pool, Drone  
  17  1:13  Drone  
  18  1:22  Overlord  
  18  1:39  Drone  
  19  1:43  Hatchery  
  19  1:47  Overlord  
  18  1:57  Queen  
  20  2:02  Extractor  
  19  2:10  Drone x2  
  21  2:31  Drone x2  
  23  2:52  Evolution Chamber, Lair  
  23  2:54  Evolution Chamber, Metabolic Boost  
  21  3:00  Zergling x6  
  21  3:05  Drone  
  25  3:17  Queen  
  27  3:21  Drone  
  27  3:25  Drone  
  29  3:32  Overlord  
  29  3:41  Overlord  
  29  3:54  Zergling x4  
  29  3:55  Zergling x4  
  33  3:57  Zergling x2  
  33  4:00  Zergling x2  
  35  4:03  Zergling x2  
  36  4:21  Zerg Melee Weapons Level 1  
  36  4:23  Zerg Ground Armor Level 1  
  36  4:35  Drone  
  36  4:36  Drone x3  
  37  5:11  Overlord  
  37  5:33  Baneling Nest  
  36  5:39  Spire  
  35  5:49  Spore Crawler  
  34  5:50  Drone x5  
  34  5:51  Drone x2  
  41  6:32  Infestation Pit  
  40  6:36  Zergling x6  
  40  6:37  Zergling x6  
  46  7:07  Corruptor  
  48  7:13  Mutalisk x3  
Tags
 
Add a new tag
Caveats
  • Supply blocks, unpowered buildings, or Contaminate may cause inaccurate times.
  • Supply counts are checked every 10 seconds.